 Dungeon Crawl Stone Soup version 0.32-a0-540-g866d13106e (webtiles) character file.

Game seed: 16641678733162323784

326 grandjackal the Sneak (level 6, -2/41 HPs)
             Began as a Vampire Earth Elementalist on Feb 29, 2024.
             Killed from afar by Dowan (8 damage)
             ... with a puff of flame
             ... on level 4 of the Dungeon.
             The game lasted 00:07:35 (3948 turns).

grandjackal the Sneak (Vampire Earth Elementalist)  Turns: 3948, Time: 00:07:36

Health: -2/41      AC:  2    Str:  7    XL:     6   Next: 24%
Magic:  3/9        EV: 12    Int: 20    God:
Gold:   398        SH:  0    Dex: 14    Spells: 3/9 levels left

rFire   . . .        g - +0 dagger
rCold   . . .        (no shield)
rNeg    . . .        a - +0 robe
rPois   .            (no helmet)
rElec   .            (no cloak)
rCorr   .            (no gloves)
SInv    +            (no boots)
Will    +....        (no amulet)
Stlth   +++          d - ring of willpower
HPRegen 0.46/turn    (no ring)
MPRegen 0.11/turn

%: no passive effects
@: healing quickly
A: alive, fangs 3, see invisible, vampiric 2
a: Exsanguinate


You were on level 4 of the Dungeon.
You visited 1 branch of the dungeon, and saw 4 of its levels.
You also visited: Ossuary.

You collected 398 gold pieces.

Inventory:

Hand Weapons
 g - a +0 dagger (weapon)
Armour
 a - a +0 robe (worn)
Jewellery
 d - a ring of willpower (left hand)
Scrolls
 c - a scroll of identify
 e - a scroll of butterflies
 f - 4 scrolls of teleportation {unknown}
 i - 2 scrolls of noise {unknown}
 j - 2 scrolls of revelation {unknown}
 l - a scroll of blinking {unknown}
 q - a scroll of fog {unknown}
Potions
 b - a potion of magic
 h - 2 potions of resistance {unknown}
 k - a potion of brilliance
 m - 3 potions of curing {unknown}
 n - 2 potions of mutation {unknown}
 o - a potion of lignification {unknown}
 p - a potion of might {unknown}


   Skills:
 + Level 3.5 Short Blades
 - Level 2.1 Dodging
 - Level 5.2 Stealth
 - Level 2.0 Spellcasting
 - Level 1.0 Conjurations
 + Level 3.2 Hexes
 + Level 4.7 Earth Magic


You had 3 spell levels left.
You knew the following spells:

 Your Spells              Type           Power      Damage    Failure   Level
a - Sandblast             Erth           40%        2d10      2%          1
b - Passwall              Erth           20%        N/A       7%          3
c - Ensorcelled Hibernat  Hex/Ice        16%        N/A       12%         2

Your spell library contained the following spells:

 Spells                   Type           Power      Damage    Failure   Level
 Stone Arrow              Conj/Erth      26%        3d8       14%         3
 Freeze                   Ice            8%         1d3       16%         1
 Hailstorm                Conj/Ice       4%         3d5       36%         3
 Frozen Ramparts          Ice            4%         1d1       43%         3
 Swiftness                Air            2%         N/A       43%         3
 Brom's Barrelling Bould  Conj/Erth      13%        2d4       43%         4
 Petrify                  Alch/Erth      11%        N/A       52%         4


Dungeon Overview and Level Annotations

Branches:
Dungeon (4/15)            Ossuary (visited)
 Temple: D:4-7

Altars:

Shops:
D:2 [

Annotations:
D:4 Dowan, Duvessa


Innate Abilities, Weirdness & Mutations

Your natural rate of healing is accelerated.
You have razor-sharp teeth.
You have supernaturally acute eyesight. (SInv)
You are afflicted with vampirism and can become a bat while bloodless.


Message History

Press: ? - help, Shift-Dir - straight line, f/p - Duvessa
Aim: Duvessa, wielding a +0 short sword and wearing a +0 leather armour (severely wounded, 85% to hit)
The blast of sand hits Duvessa but does no damage.
Duvessa is severely wounded.
Dowan shouts!
Duvessa hits you with a +0 short sword!
Casting: Sandblast (safe; 2% risk of failure)
Confirm with . or Enter, or press ? or * to list all spells.
Aiming: Sandblast (safe; 2% risk of failure)
Press: ? - help, Shift-Dir - straight line, f/p - Duvessa
Aim: Duvessa, wielding a +0 short sword and wearing a +0 leather armour (severely wounded, 85% to hit)
The blast of sand hits Duvessa.
Duvessa is almost dead.
Duvessa hits you with a +0 short sword. x2
Casting: Sandblast (safe; 2% risk of failure)
Confirm with . or Enter, or press ? or * to list all spells.
Aiming: Sandblast (safe; 2% risk of failure)
Press: ? - help, Shift-Dir - straight line, f/p - Duvessa
Aim: Duvessa, wielding a +0 short sword and wearing a +0 leather armour (almost dead, 85% to hit)
The blast of sand hits Duvessa but does no damage.
Duvessa is almost dead.
Duvessa hits you with a +0 short sword.
Casting: Sandblast (safe; 2% risk of failure)
Confirm with . or Enter, or press ? or * to list all spells.
Aiming: Sandblast (safe; 2% risk of failure)
Press: ? - help, Shift-Dir - straight line, f/p - Duvessa
Aim: Duvessa, wielding a +0 short sword and wearing a +0 leather armour (almost dead, 85% to hit)
The blast of sand misses Duvessa.
Duvessa hits you with a +0 short sword. Duvessa hits you with a +0 short sword!
* * * LOW HITPOINT WARNING * * *
Casting: Sandblast (safe; 2% risk of failure)
Confirm with . or Enter, or press ? or * to list all spells.
Aiming: Sandblast (safe; 2% risk of failure)
Press: ? - help, Shift-Dir - straight line, f/p - Duvessa
Aim: Duvessa, wielding a +0 short sword and wearing a +0 leather armour (almost dead, 85% to hit)
The blast of sand hits Duvessa.
Duvessa is almost dead.
Dowan gestures at you while chanting. The puff of flame hits you!
You die...

##### ##...### #######
##......###
#######.....#####.........##
#..##..........#...........#
##..........................
##..###.....@e...............
#..## ##.....e...............
##.## ##....................
#.>#### ##................###
##.....### ##...........#####
##........######.......### #
#...........#####.......## #####
##.............####.......###....
#.##............# ##.............


You could see Duvessa and Dowan.

Vanquished Creatures
  A black bear (D:4)
  A bombardier beetle (D:3)
  8 mummies (Ossuary)
  3 gnolls (D:4)
  An adder (D:2)
  A ribbon worm (D:4)
  2 dart slugs
  4 ball pythons
  4 endoplasms
  2 giant cockroaches
  A gnoll zombie (Ossuary)
  7 goblins
  6 hobgoblins
  6 kobolds
  A quokka (D:1)
  2 bats
  2 hobgoblin zombies (Ossuary)
  2 kobold zombies (Ossuary)
  3 orc zombies (Ossuary)
  3 rats
60 creatures vanquished.

Notes
Turn   | Place    | Note
-------+----------+-------------------------------------------
     0 | D:1      | grandjackal the Vampire Earth Elementalist began the quest
                  | for the Orb.
     0 | D:1      | Reached XP level 1. HP: 13/13 MP: 3/3
   170 | D:1      | Reached skill level 1 in Conjurations
   170 | D:1      | Reached XP level 2. HP: 16/19 MP: 0/5
  1021 | D:2      | Found Laipp's Armour Boutique.
  1333 | D:2      | Reached skill level 4 in Stealth
  1351 | D:2      | Reached skill level 1 in Short Blades
  1351 | D:2      | Gained mutation: You are afflicted with vampirism and can
                  | become a bat while bloodless. [Vampire growth]
  1351 | D:2      | Reached XP level 3. HP: 5/24 MP: 1/6
  1355 | D:2      | HP: 1/24 [poisoned by an adder]
  1706 | D:2      | Learned a level 3 spell: Passwall
  1832 | D:3      | Learned a level 2 spell: Ensorcelled Hibernation
  1948 | D:3      | Reached XP level 4. HP: 24/27 MP: 2/7
  2619 | D:4      | Noticed a black bear
  2620 | D:4      | Noticed an ogre
  2673 | D:4      | Noticed Dowan
  2704 | D:4      | Noticed Duvessa
  2815 | D:4      | Reached skill level 5 in Stealth
  2863 | D:4      | Found a sand-covered staircase.
  2872 | Ossuary  | Entered an ossuary
  3102 | Ossuary  | Reached XP level 5. HP: 25/31 MP: 5/8
  3138 | Ossuary  | Reached skill level 1 in Hexes
  3773 | D:4      | Killed a black bear
  3774 | D:4      | Reached XP level 6. HP: 36/41 MP: 6/9
  3948 | D:4      | Killed from afar by Dowan

Illustrated notes

Levels and vault maps discovered:
D:1:      evilmike_arrival_rings, layout_basic, minmay_heptomino_w4
D:2:      layout_loops_ring, serial_shops, nicolae_shop_behind_doors
D:3:      wad_pebble_path, layout_loops_ring, dreamdust_princess_corridor
D:4:      layout_cave_pods, kennysheep_mini_moat, nicolae_ossuary_entry_ruins,
          minmay_misc_feat_chi, uniq_duvessa

Skill      XL: |  1  2  3  4  5 |
---------------+----------------+-----
Conjurations   | 1 |  1.0
Stealth        | 4 5 |  5.2
Short Blades   | 1 2 3 |  3.5
Earth Magic    | 4 |  4.7
Hexes          | 3 |  3.2
Dodging        | |  2.1
Spellcasting   | |  2.0

Action                     |  1- 3 |  4- 6 || total
---------------------------+-------+-------++-------
  Melee: Unarmed           |     7 |       ||     7
         Bite              |     5 |     8 ||    13
         Dagger            |    58 |    53 ||   111
   Cast: Sandblast         |    29 |    54 ||    83
         Ensorcelled Hiber |       |     2 ||     2
Ability: Exsanguinate      |     1 |       ||     1
         Revivify          |     1 |       ||     1
    Use: Scroll            |       |     3 ||     3
   Stab: Sleeping          |     6 |     4 ||    10
 Armour: Robe              |    56 |    28 ||    84
  Dodge: Dodged            |    55 |    22 ||    77

Table legend: (Time is in decaauts)
 A = Elapsed time spent in this place.
 B = Non-inter-level travel time spent in this place.
 C = Inter-level travel time spent in this place.
 D = Time resting spent in this place.
 E = Time spent auto-exploring this place.
 F = Levels seen in this place.
 G = Mean time per level.
                   A        B        C        D        E       F      G
               +--------+--------+--------+--------+--------+-----+--------+
         Total |   3978 |   3906 |     72 |    720 |   2261 |   5 |  795.6 |
       Dungeon |   3372 |   3300 |     72 |    409 |   2260 |   4 |  843.0 |
       Ossuary |    606 |    606 |      0 |    311 |      1 |   1 |  606.0 |
               +--------+--------+--------+--------+--------+-----+--------+

Top non-repeatable levels by time:
     D:3: 906 daAuts
     D:1: 903 daAuts
     D:2: 836 daAuts
     D:4: 726 daAuts
 Ossuary: 606 daAuts
